 Dungeon Crawl Stone Soup version 0.19.5 (webtiles) character file.

11260 shmeve the Fighter (level 11, 102/102 HPs)
             Began as a Minotaur Fighter on May 24, 2017.
             Was a Priest of Trog.
             Quit the game in a labyrinth on May 25, 2017.
             The game lasted 00:22:12 (9027 turns).

shmeve the Fighter (Minotaur Fighter)               Turns: 9027, Time: 00:22:13

Health: 102/102    AC: 19    Str: 25    XL:     11   Next: 47%
Magic:  10/10      EV: 15    Int:  5    God:    Trog [***...]
Gold:   484        SH: 12    Dex:  9    Spells: 0 memorised, 10 levels left

rFire  . . .     SeeInvis .     e - +3 war axe
rCold  + . .     Gourm    .     S - +2 plate armour {rC+}
rNeg   . . .     Faith    .     c - +0 shield
rPois  +         Spirit   .     I - +1 hat
rElec  .         Reflect  .     H - +0 cloak
rCorr  .         Harm     .     w - +0 pair of gloves
MR     .....                    (no boots)
Stlth  ..........               (no amulet)
                                s - +6 ring of evasion
                                y - ring of poison resistance

@: no status effects
A: retaliatory headbutt, horns 2
a: Berserk, Trog's Hand, Burn Spellbooks, Renounce Religion


You were in a labyrinth.
You worshipped Trog.
Trog was most pleased with you.
You were not hungry.

You visited 2 branches of the dungeon, and saw 13 of its levels.
You also visited: Labyrinth and Sewer.

You collected 484 gold pieces.

Inventory:

Hand Weapons
 e - a +3 war axe (weapon)
Missiles
 A - 2 throwing nets (quivered)
Armour
 c - a +0 shield (worn)
 w - a +0 pair of gloves (worn)
 H - a +0 cloak (worn)
 I - a +1 hat (worn)
 S - a +2 plate armour of cold resistance (worn)
Jewellery
 s - a +6 ring of evasion (right hand)
 y - a ring of poison resistance (left hand)
Wands
 u - a wand of iceblast (12/15)
 F - a wand of iceblast (3/15)
 K - a wand of flame (35/48)
 P - a wand of teleportation (2/9)
 Q - a wand of disintegration (5/24)
 R - a wand of polymorph (8/24)
Scrolls
 h - 8 scrolls of remove curse {unknown}
 k - 2 scrolls of noise {unknown}
 l - a scroll of fear {unknown}
 m - 8 scrolls of identify {unknown}
 n - 2 scrolls of teleportation {unknown}
 o - 5 scrolls of fog {unknown}
 x - 2 scrolls of recharging {unknown}
 C - a scroll of immolation {unknown}
 L - 2 scrolls of blinking {unknown}
Potions
 b - 3 potions of invisibility {unknown}
 d - a potion of might
 g - 6 potions of degeneration {unknown}
 q - 2 potions of agility {unknown}
 r - a potion of lignification {unknown}
 t - 9 potions of curing {unknown}
 v - 4 potions of mutation {unknown}
 z - a potion of resistance {unknown}
 B - a potion of ambrosia {unknown}
 D - 4 potions of flight {unknown}
 E - 3 potions of heal wounds {unknown}
 G - a potion of brilliance {unknown}
 M - a potion of berserk rage {unknown}
 N - a potion of haste {unknown}
Comestibles
 f - 11 bread rations
 i - 14 fruits
 j - 10 slices of pizza
 p - 10 meat rations


   Skills:
 * Level 11.0 Fighting
 * Level 10.6 Axes
 + Level 5.3 Throwing
 + Level 8.1 Armour
 + Level 7.0 Dodging
 * Level 10.9 Shields


You had 10 spell levels left.
You didn't know any spells.

Dungeon Overview and Level Annotations

Branches:
Dungeon (13/15)            Temple (1/1) D:7             Orc (0/2) D:12
   Lair: D:8-11      Vaults: D:13-14

Altars:
Ashenzari
Cheibriados
Dithmenos
Elyvilon
Gozag
Hepliaklqana
Kikubaaqudgha
Makhleb
Nemelex Xobeh
Okawaru
Qazlal
Ru
Sif Muna
Trog
Uskayaw
Vehumet
Xom
Yredelemnul
Zin
The Shining One


Innate Abilities, Weirdness & Mutations

You reflexively headbutt those who attack you in melee.
You have a pair of horns on your head.


Message History

You start eating one of the 2 beef jerkies.
That beef jerky was delicious!
No exploration algorithm can help you here.
You hear an odd grinding sound!
You are feeling hungry.
You start eating the beef jerky.
That beef jerky was delicious!
No exploration algorithm can help you here.
You feel a sudden draft!
Evoke which item? (* to show all) (? for menu, Esc to quit)
Zapping:
Q - a wand of disintegration {zapped: 3} (will waste charges)
Press: ? - help, Shift-Dir - straight line The translucent rock wall explodes into countless fragments.
Evoking this partially-identified wand wasted a few charges.
You see here a wand of teleportation (0/9).
a - a wand of teleportation (0/9) Drop what? 43/52 slots (_ for help) (? for menu, Esc to quit)
You drop a wand of teleportation (0/9).
No exploration algorithm can help you here.
Are you sure you want to abandon this character and quit the game? (Confirm with "yes".)

▓...#..#......#
▓.# #./#.##.###
...## .. #.#.#
▓ #.... .##.#.#
▓.# ....#.#...#
▓.#.#####.#.###
▓. .# #.....#
▓####.#####.#
.......@.#
.#########


There were no monsters in sight!

Vanquished Creatures
  5 hill giants
  A necromancer (D:13)
  An ugly thing (D:12)
  Joseph (D:7)
  A troll (D:9)
  2 two-headed ogres
  A hippogriff (D:9)
  A wraith (D:12)
  A shadow (D:13)
  8 yaks
  4 vampire mosquitoes (D:13)
  A water moccasin (D:7)
  7 orc warriors
  3 ice beasts
  3 sky beasts
  A black bear (D:7)
  An ogre (D:9)
  The ghost of VeronicaDemononica the Insei, an amateur DsTm (D:3)
  2 centaurs
  7 bullfrogs
  2 big kobolds
  A wyvern zombie (D:6)
  2 scorpions
  11 killer bees
  5 wights
  2 howler monkeys
  A crimson imp (D:8)
  A bullfrog zombie (D:7)
  3 centaur zombies
  2 centaur skeletons
  4 hounds
  4 orc wizards
  A jelly (D:7)
  A quasit (D:8)
  3 orc priests
  4 bullfrog skeletons
  Jessica (D:3)
  5 iguanas
  3 worker ants
  A hound zombie (D:9)
  2 hound skeletons
  2 worker ant zombies
  3 gnolls (D:9)
  13 adders
  A river rat (Sewer)
  2 oozes (D:1)
  An adder zombie (D:6)
  3 adder skeletons
  A dart slug (D:2)
  5 leopard geckos
  16 orcs
  2 ball pythons
  9 giant cockroaches
  6 hobgoblins
  4 jackals
  14 kobolds
  5 quokkas
  10 bats
  6 goblins
  A jackal skeleton (D:3)
  A leopard gecko skeleton (D:6)
  A quokka skeleton (D:3)
  7 rats
224 creatures vanquished.

Notes
Turn   | Place    | Note
-------+----------+-------------------------------------------
     0 | D:1      | shmeve the Minotaur Fighter began the quest for the Orb.
     0 | D:1      | Reached XP level 1. HP: 19/19 MP: 0/0
   129 | D:1      | Reached XP level 2. HP: 21/26 MP: 1/1
   505 | D:1      | Reached XP level 3. HP: 30/33 MP: 2/2
   597 | D:1      | You fall through a shaft!
   629 | D:2      | Reached skill level 1 in Dodging
   688 | D:2      | Reached skill level 4 in Fighting
  1125 | D:2      | Reached XP level 4. HP: 31/40 MP: 3/3
  1827 | D:3      | Noticed VeronicaDemononica's ghost (amateur DsTm)
  1835 | D:3      | Killed VeronicaDemononica's ghost
  1835 | D:3      | Reached skill level 5 in Shields
  1835 | D:3      | Reached XP level 5. HP: 47/47 MP: 4/4
  2152 | D:3      | Noticed Jessica
  2160 | D:3      | Found a deep blue altar of Sif Muna.
  2177 | D:3      | Killed Jessica
  2489 | D:4      | Reached skill level 5 in Fighting
  2489 | D:4      | Reached XP level 6. HP: 56/56 MP: 5/5
  2503 | D:5      | Entered Level 5 of the Dungeon
  2520 | D:5      | Found a glowing silver altar of Zin.
  2708 | D:5      | Found a stormy altar of Qazlal.
  2754 | D:5      | Found a basalt altar of Yredelemnul.
  2762 | D:5      | Found a hazy altar of Hepliaklqana.
  2794 | D:5      | Found a shattered altar of Ashenzari.
  2902 | D:5      | Reached skill level 5 in Axes
  2902 | D:5      | Reached XP level 7. HP: 62/62 MP: 6/6
  3036 | D:5      | Found a burning altar of Makhleb.
  3092 | D:6      | Reached skill level 1 in Throwing
  3098 | D:6      | Reached skill level 6 in Fighting
  3182 | D:6      | Reached skill level 5 in Armour
  3289 | D:6      | HP: 3/64 [orc warrior/mace (4)]
  3290 | D:6      | Reached XP level 8. HP: 4/71 MP: 7/7
  3589 | D:6      | Found a glowing drain.
  3629 | Sewer    | Entered a sewer
  3726 | Sewer    | Found a white marble altar of Elyvilon.
  3925 | D:6      | Found an opulent altar of Gozag.
  3975 | D:6      | Reached skill level 7 in Fighting
  4697 | D:7      | Found a staircase to the Ecumenical Temple.
  4701 | D:7      | Reached XP level 9. HP: 73/81 MP: 8/8
  4733 | Temple   | Entered the Ecumenical Temple
  4775 | Temple   | Became a worshipper of Trog the Wrathful
  4957 | D:7      | Noticed Joseph
  4975 | D:7      | Killed Joseph
  4975 | D:7      | Reached skill level 8 in Fighting
  5316 | D:7      | Found a radiant altar of Vehumet.
  5371 | D:8      | Reached * piety under Trog
  5459 | D:8      | Reached skill level 5 in Dodging
  6140 | D:8      | Reached skill level 9 in Fighting
  6527 | D:8      | Reached XP level 10. HP: 91/91 MP: 9/9
  6755 | D:9      | Reached ** piety under Trog
  7421 | D:10     | Entered Level 10 of the Dungeon
  7520 | D:10     | You fall through a shaft for 3 floors!
  7520 | D:13     | Noticed a necromancer
  7520 | D:13     | Noticed a hill giant
  7528 | D:13     | Killed a hill giant
  7528 | D:13     | Reached skill level 10 in Fighting
  7531 | D:13     | Reached skill level 10 in Shields
  7531 | D:13     | Killed a necromancer
  7779 | D:13     | Reached XP level 11. HP: 63/101 MP: 10/10
  7953 | D:13     | Noticed a hill giant
  7958 | D:13     | Killed a hill giant
  7958 | D:13     | Reached skill level 5 in Throwing
  8022 | D:13     | Reached skill level 10 in Axes
  8036 | D:12     | Noticed a cyan ugly thing
  8041 | D:12     | Noticed a hill giant
  8046 | D:12     | Killed a cyan ugly thing
  8046 | D:12     | Reached *** piety under Trog
  8055 | D:12     | Killed a hill giant
  8114 | D:12     | Noticed a hill giant
  8121 | D:12     | Killed a hill giant
  8121 | D:12     | Received a gift from Trog
  8132 | D:12     | Found a labyrinth entrance.
  8158 | D:12     | Noticed a hill giant
  8167 | D:12     | Killed a hill giant
  8167 | D:12     | Reached skill level 11 in Fighting
  8169 | D:12     | Found a staircase to the Orcish Mines.
  8195 | Lab      | Entered a labyrinth
  9027 | Lab      | Quit the game

Skill      XL: |  1  2  3  4  5  6  7  8  9 10 11 |
---------------+----------------------------------+-----
Shields        | 4 5 6 7 9 10 | 10.9
Dodging        | 1 2 3 4 5 6 7 |  7.0
Fighting       | 4 5 6 7 9 10 11 | 11.0
Axes           | 3 4 5 7 8 9 10 | 10.6
Armour         | 4 5 6 7 8 |  8.1
Throwing       | 1 2 3 4 5 |  5.3

Action                   |  1- 3 |  4- 6 |  7- 9 | 10-12 || total
-------------------------+-------+-------+-------+-------++-------
Melee: War axe           |    86 |   108 |   302 |   173 ||   669
       Headbutt          |    13 |    26 |    74 |    40 ||   153
Invok: Burn Spellbooks   |       |       |     2 |     1 ||     3
       Berserk           |       |       |       |     5 ||     5
Evoke: Wand              |       |       |     1 |     1 ||     2
  Use: Potion            |       |     1 |       |       ||     1
 Stab: Distracted        |       |       |     1 |       ||     1
  Eat: Chunk             |     1 |     6 |    10 |    11 ||    28
       Beef jerky        |       |       |     1 |     2 ||     3
Armor: Plate armour      |    69 |    71 |   199 |    67 ||   406
Dodge: Dodged            |    17 |    22 |   101 |    82 ||   222
Block: Shield            |    54 |    60 |   180 |   121 ||   415
